 Dungeon Crawl Stone Soup version 0.31-a0-210-gccc998df9b (webtiles) character file.

Game seed: 14990793000460340705

192 qw the Shooter (level 5, -7/28 HPs)
             Began as a Gargoyle Hexslinger on June 30, 2023.
             Killed by divine providence
             ... invoked by an orc priest
              (11 damage)
             ... on level 4 of the Dungeon.
             The game lasted 00:01:03 (2237 turns).

qw the Shooter (Gargoyle Hexslinger)                Turns: 2237, Time: 00:01:03

Health: -7/28      AC: 11    Str: 12    XL:     5   Next: 71%
Magic:  6/6        EV: 10    Int: 13    God:
Gold:   106        SH:  0    Dex: 14    Spells: 5/6 levels left

rFire   . . .        Y - +1 sling
rCold   + . .        (no shield)
rNeg    + . .        i - +0 ring mail
rPois   inf          a - +0 helmet
rElec   +            (no cloak)
rCorr   .            (no gloves)
SInv    .            d - +0 pair of boots
Will    .....        (no amulet)
Stlth   +            (no ring)
HPRegen 0.24/turn    (no ring)
MPRegen 0.10/turn

%: clarity
@: no status effects
A: sickness immunity, AC +4, negative energy resistance 1, electricity
resistance, torment resistance 1, petrification resistance, clarity, cold
resistance 1, frail 1, noise suppression
a: no special abilities


You were on level 4 of the Dungeon.
You visited 1 branch of the dungeon, and saw 4 of its levels.

You collected 106 gold pieces.


Innate Abilities, Weirdness & Mutations

You are immune to sickness and miasma.
Your stone body is resilient. (AC +4)
You are immune to poison.
You resist negative energy. (rN+)
You are resistant to electric shocks. (rElec)
You are resistant to unholy torment.
You are immune to petrification.
You possess an exceptional clarity of mind.
Your flesh is cold resistant. (rC+)
You are frail. (-10% HP)
You passively dampen the noise of your surroundings.


   Skills:
 + Level 2.8 Fighting
 - Level 5.0 Ranged Weapons
 - Level 1.0 Armour
 - Level 1.5 Dodging
 - Level 1.0 Spellcasting
 - Level 2.6 Hexes


You had 5 spell levels left.
You knew the following spells:

 Your Spells              Type           Power      Damage    Failure   Level
a - Slow                  Hex            28%        N/A       22%         1

Your spell library contained the following spells:

 Spells                   Type           Power      Damage    Failure   Level
 Inner Flame              Hex/Fire       4%         N/A       73%         3
 Portal Projectile        Hex/Tloc       8%         N/A       73%         3
 Cause Fear               Hex            3%         N/A       91%         4

Inventory:

Hand Weapons
 Y - a +1 sling (weapon)
Armour
 a - a +0 helmet (worn)
 d - a +0 pair of boots (worn)
 i - a +0 ring mail (worn)
Jewellery
 j - a ring of fire
Scrolls
 c - a scroll of identify
 e - a scroll of butterflies {unknown}
Potions
 b - a potion of curing {unknown}
 f - a potion of enlightenment
 g - a potion of magic {unknown}
 h - a potion of might {unknown}
 k - a potion of degeneration {unknown}

Dungeon Overview and Level Annotations

Branches:
Dungeon (4/15)
 Temple: D:4-7

Altars:

Shops:
D:2 (


Message History

You shoot a sling bullet. The sling bullet hits the adder.
The adder is moderately wounded.
The orc wizard gestures at you while chanting.
You resist with some effort. The adder closely misses you.
You shoot a sling bullet.
The sling bullet barely misses the adder.
The adder bites you but does no damage.
You shoot a sling bullet.
The sling bullet barely misses the adder.
The adder bites you but does no damage. The adder barely misses you.
The orc wizard closely misses you.
The orc priest casts a cantrip, but nothing happens.
You shoot a sling bullet.
The sling bullet closely misses the orc wizard.
The adder barely misses you. The orc wizard casts a spell at you.
You feel momentarily confused. The adder bites you but does no damage.
You shoot a sling bullet. The sling bullet hits the orc wizard.
The orc wizard is heavily wounded.
The adder bites you but does no damage. The orc priest misses you.
The orc wizard gestures at you while chanting.
The puff of flame hits you!
You shoot a sling bullet. The sling bullet hits the orc wizard.
The orc wizard is almost dead.
The adder bites you but does no damage.
The orc priest invokes the aid of Beogh against you.
Pain shoots through your body!
The orc wizard hits you with a +0 dagger.
The adder misses you.
You shoot a sling bullet.
The sling bullet barely misses the orc wizard.
The adder bites you but does no damage.
The orc priest hits you but does no damage.
The orc wizard barely misses you. The adder bites you.
The orc wizard gestures wildly while chanting.
The orc wizard flickers and vanishes!
Deactivating autopickup; reactivate with Ctrl-A.
The orc priest invokes the aid of Beogh against you.
Beogh smites you!
You die...

............?#
.............#
......%......#
########'######
#......#......####
#.####.###.......#
#.#<...# #.......#
#.#....# #{o.....#
#.#...## #@......#
#.########.S.....#
#........'.......#
##########)......#
#.......#
#.......#
#.......#
#........
#........


You could see an orc priest and an adder.

Vanquished Creatures
  An orc priest (D:3)
  A hound (D:4)
  Terence (D:3)
  Robin (D:1)
  3 adders
  2 dart slugs
  4 orcs (D:3)
  7 endoplasms
  3 giant cockroaches
  14 goblins
  6 hobgoblins
  A quokka (D:1)
  4 ball pythons
  5 bats
  4 frilled lizards
  5 kobolds
  5 rats
67 creatures vanquished.

Notes
Turn   | Place    | Note
-------+----------+-------------------------------------------
     0 | D:1      | qw the Gargoyle Hexslinger began the quest for the Orb.
     0 | D:1      | Reached XP level 1. HP: 12/12 MP: 2/2
     0 | D:1      | 0 ||| qw: Version: 0.3-a-26-gee661ec
     0 | D:1      | 0 ||| qw: Game counter: 7314
     0 | D:1      | 0 ||| qw: Melee chars always use a shield: true
     0 | D:1      | 0 ||| qw: God list: Okawaru
     0 | D:1      | 0 ||| qw: Allow faded altars: false
     0 | D:1      | 0 ||| qw: Do Orc after clearing Dungeon:15 true
     0 | D:1      | 0 ||| qw: Do second Lair branch before Depths: true
     0 | D:1      | 0 ||| qw: Lair rune preference: random
     0 | D:1      | 0 ||| qw: Goals: Normal
     0 | D:1      | 0 ||| PLANNING D:1-11
   201 | D:1      | Reached XP level 2. HP: 16/16 MP: 3/3
   278 | D:1      | Reached skill level 3 in Ranged Weapons
   551 | D:1      | 551 ||| UPGRADING to +0 pair of boots.
   556 | D:1      | 556 ||| UPGRADING to +0 ring mail.
   566 | D:1      | 566 ||| DROPPING +0 robe.
   567 | D:1      | 567 ||| READING scroll labelled GANEYS YDEFFI.
   568 | D:1      | 568 ||| READING scroll labelled LUSHRU JINOAPN.
   569 | D:1      | 569 ||| READING scroll labelled DIPIRGH WYLA.
   570 | D:1      | 570 ||| DRINKING 2 amethyst potions.
   571 | D:1      | 571 ||| DROPPING scroll of poison.
   624 | D:2      | 624 ||| Stepping ~*~*~tactically~*~*~ (outnumbered).
   627 | D:2      | Reached XP level 3. HP: 21/21 MP: 4/4
   629 | D:2      | 629 ||| STAIRDANCE
   667 | D:2      | 667 ||| STAIRDANCE
   682 | D:2      | 682 ||| STAIRDANCE
   712 | D:2      | 712 ||| STAIRDANCE
   726 | D:2      | Reached skill level 1 in Armour
   726 | D:2      | Noticed Robin
   730 | D:2      | 730 ||| STAIRDANCE
   764 | D:2      | 764 ||| STAIRDANCE
   779 | D:2      | 779 ||| STAIRDANCE
   784 | D:1      | Killed Robin
   810 | D:1      | 810 ||| UPGRADING to +0 helmet.
  1143 | D:2      | Reached XP level 4. HP: 21/26 MP: 5/5
  1165 | D:2      | Found Num Quzxut's Antique Weapon Boutique.
  1286 | D:2      | 1286 ||| DROPPING +6 ring of intelligence.
  1287 | D:2      | 1287 ||| READING scroll labelled VUUSIMP KAFEG.
  1288 | D:2      | 1288 ||| DRINKING 2 murky black potions.
  1288 | D:2      | Gained mutation: You occasionally lose the ability to drink
                  | potions when taking damage. [potion of mutation]
  1288 | D:2      | Gained mutation: You are strong-willed. (Will+) [potion of
                  | mutation]
  1288 | D:2      | Gained mutation: You have sharp toenails. [potion of
                  | mutation]
  1289 | D:2      | 1289 ||| DRINKING potion of mutation.
  1289 | D:2      | Lost mutation: You are strong-willed. (Will+) [potion of
                  | mutation]
  1289 | D:2      | Lost mutation: You have sharp toenails. [potion of
                  | mutation]
  1289 | D:2      | Lost mutation: You occasionally lose the ability to drink
                  | potions when taking damage. [potion of mutation]
  1289 | D:2      | Gained mutation: You possess an exceptional clarity of
                  | mind. [potion of mutation]
  1289 | D:2      | Gained mutation: Your flesh is cold resistant. (rC+)
                  | [potion of mutation]
  1289 | D:2      | Gained mutation: You are frail. (-10% HP) [potion of
                  | mutation]
  1289 | D:2      | Gained mutation: You passively dampen the noise of your
                  | surroundings. [potion of mutation]
  1378 | D:3      | Reached skill level 4 in Ranged Weapons
  1401 | D:3      | Reached XP level 5. HP: 17/27 MP: 6/6
  1478 | D:3      | 1478 ||| Stepping ~*~*~tactically~*~*~ (outnumbered).
  1488 | D:3      | Noticed Terence
  1502 | D:3      | Killed Terence
  1503 | D:3      | Reached skill level 5 in Ranged Weapons
  2002 | D:3      | 2002 ||| READING scroll labelled DUCYOM NYALYQO.
  2005 | D:3      | 2005 ||| READING scroll labelled QIEN FATHUVO.
  2006 | D:3      | 2006 ||| READING scroll labelled VELUUR HYVI.
  2220 | D:4      | 2220 ||| Stepping ~*~*~tactically~*~*~ (outnumbered).
  2221 | D:4      | 2221 ||| FLEEEEING.
  2222 | D:4      | 2222 ||| FLEEEEING.
  2223 | D:4      | 2223 ||| FLEEEEING.
  2236 | D:4      | HP: 7/28 [orc priest/nerve-wracking pain (5)]
  2237 | D:4      | Killed from afar by an orc priest

Levels and vault maps discovered:
D:1:      dpeg_arrival_short_road, layout_basic, minmay_quantized
D:2:      layout_rooms, serial_shops, nicolae_square_shop, uniq_robin
D:3:      layout_loops_ring, chequers_serial_rivers_micro_b, uniq_terence
D:4:      layout_basic

Skill      XL: |  1  2  3  4  5 |
---------------+----------------+-----
Ranged Weapons | 3 4 5 |  5.0
Fighting       | 2 |  2.8
Armour         | 1 |  1.0
Dodging        | |  1.5
Spellcasting   | |  1.0
Hexes          | |  2.6

Action                     |  1- 3 |  4- 6 || total
---------------------------+-------+-------++-------
   Fire: Sling             |   131 |   110 ||   241
    Use: Scroll            |     3 |     4 ||     7
         Potion            |     1 |     2 ||     3
 Armour: Robe              |     6 |       ||     6
         Ring mail         |    52 |    61 ||   113
  Dodge: Dodged            |    54 |    50 ||   104

Table legend:
 A = Non-vault XP
 B = Vault XP
 C = Vault XP percentage of total XP
 D = Non-vault monster count
 E = Vault monster count
 F = Vault count percentage of total count
                 A         B        C        D         E       F
            +---------+---------+-------+---------+---------+-------
      Total |     205 |      70 |  25.5 |      51 |      16 |  23.9
            +---------+---------+-------+---------+---------+-------
        D:1 |      25 |      33 |  56.9 |      14 |      11 |  44.0
        D:2 |      38 |       7 |  15.6 |      18 |       4 |  18.2
        D:3 |      94 |      30 |  24.2 |      15 |       1 |   6.2
        D:4 |      48 |       0 |   0.0 |       4 |       0 |   0.0
            +---------+---------+-------+---------+---------+-------
